[Event "Germany Countries-chT Youth 2022"]
[Site "Wiesbaden"]
[Date "2022.10.02"]
[Round "4"]
[White "Haubold, Christian Lucas"]
[Black "Aniol, Nico"]
[Result "1-0"]
[ECO "B15"]
[WhiteElo "1888"]
[BlackElo "1541"]
[Annotator "NA RC COMBH"]
[PlyCount "153"]
[EventDate "2022.09.28"]
[EventType "team-tourn"]
[EventRounds "7"]
[EventCountry "GER"]
[SourceTitle "playchess.com"]
[Source "ChessBase"]
[SourceQuality "1"]
[TimeControl "40/5400+30:1800+30"]

1. e4 c6 2. d4 d5 3. Nc3 dxe4 4. Nxe4 Nf6 5. Nxf6+ exf6 6. Bc4 Bd6 7. c3 O-O 8. Qc2 Re8+ 9. Ne2 h5 10. Qg6 Be6 11. Bxe6 Rxe6 12. Qxh5 Qe7 13. Be3 Nd7 14. Ng3 g6 15. Qg4 Kf8 (15... Nb6 $1 $11 {keeps the balance.}) 16. O-O-O Ke8 17. Kb1 Nb6 18. Bf4 f5 19. Bxd6 Qxd6 20. Qf3 Qd5 21. Qxd5 Nxd5 22. Rde1 Nf4 23. Rxe6+ fxe6 24. Rg1 Kf7 25. Kc2 Re8 26. Nh1 e5 27. dxe5 Rxe5 28. Ng3 Kf6 29. Kd2 Ra5 30. a3 Rb5 31. Kc2 Re5 32. f3 Re7 33. Kd2 Re5 34. Kc2 Re7 35. Kd2 Re5 36. h3 Rb5 37. Kc2 Re5 38. Kd2 Rb5 39. Kc2 Re5 40. b4 b5 41. Kd2 Kg5 42. Kc2 Kh4 43. Nxf5+ gxf5 44. g3+ Kg5 45. h4+ Kh5 46. gxf4 Re3 47. Rg5+ Kxh4 48. Rxf5 Re6 49. Re5 Rf6 50. f5 Kg3 51. Re6 Rxf5 52. Rxc6 Rf7 53. Kd3 Kxf3 54. Kd4 Ke2 55. Kc5 $2 (55. c4 $18) 55... Rb7 $2 (55... Rf5+ {is a better defense.} 56. Kd6 Kd3) 56. Ra6 (56. Rd6 $142 Rb8 57. Kc6) 56... Kd3 57. Kc6 Rh7 58. Kxb5 Kxc3 59. Rg6 Kd4 60. a4 Rb7+ 61. Ka5 Kd5 62. b5 Rh7 63. Ka6 (63. Rc6 $142 Ke5 64. Ka6 Rg7 65. a5 Rh7 66. Rc8 Kd6 67. Rb8 Rh3 68. Rb7) 63... Kc5 64. a5 Rf7 65. Rc6+ Kd5 66. Rc8 Kd6 67. Ra8 Kc5 68. Rxa7 Rf5 69. Rh7 Kb4 70. Rh4+ Kc5 71. b6 Rf6 72. Ka7 Rf7+ 73. b7 Kc6 74. a6 Rg7 75. Ka8 Rg8+ 76. b8=Q Rxb8+ 77. Kxb8 1-0

[Event "Germany Countries-chT Youth 2022"]
[Site "Wiesbaden"]
[Date "2022.10.02"]
[Round "4"]
[White "Herrmann, Jakob"]
[Black "Hubert, Charlotte"]
[Result "1/2-1/2"]
[ECO "B20"]
[WhiteElo "1888"]
[BlackElo "1671"]
[Annotator "NA RC COMBH"]
[PlyCount "126"]
[EventDate "2022.09.28"]
[EventType "team-tourn"]
[EventRounds "7"]
[EventCountry "GER"]
[SourceTitle "playchess.com"]
[Source "ChessBase"]
[SourceQuality "1"]
[TimeControl "40/5400+30:1800+30"]

1. e4 c5 2. Ne2 Nf6 3. Nbc3 d5 4. exd5 Nxd5 5. d4 Nxc3 6. bxc3 g6 7. Ba3 Nd7 ({Better is} 7... Bg7 $17) 8. Qd2 {[%emt 0:11:52] [#]} ({Better is} 8. dxc5 $15 Bg7 9. g3) 8... Bg7 (8... Qa5 $1 $17 9. Bb2 Bg7) 9. g3 (9. dxc5 $15 O-O 10. Nd4) 9... O-O 10. Bg2 Qa5 11. Bb2 ({White should play} 11. Bxc5 Nxc5 12. dxc5) 11... Nb6 12. Bc1 Rd8 13. O-O Bg4 14. Re1 Rac8 15. Bxb7 Rc7 16. Qf4 Rxb7 17. Qxg4 cxd4 18. Rd1 Rc7 19. Bf4 Rc4 20. cxd4 Rxc2 21. Rac1 Rdc8 22. Bd2 Qxa2 23. Nc3 Qb3 24. Rb1 Qc4 25. Nb5 Qa4 26. Qg5 Bf6 27. Qe3 $2 (27. Qg4) 27... Nc4 28. Qe2 Nxd2 29. Rxd2 Rxd2 30. Qxd2 a6 31. Nc3 Qxd4 32. Qxd4 Bxd4 33. Ne2 Bf6 34. Rb6 Rc2 35. Kf1 Ra2 36. h4 a5 37. Ra6 h5 38. Ke1 Kg7 39. Kf1 Kh6 40. Ra7 $1 $11 {[%emt 0:01:02] and White is okay.} Ra1+ (40... a4 41. f4) 41. Kg2 Ra2 $2 (41... Kg7 $19 42. Kf3 a4) 42. Kf3 $2 g5 43. hxg5+ Kxg5 44. Rc7 a4 45. Nf4 a3 46. Rc5+ e5 47. Ra5 Bg7 48. Nd3 f6 49. Nf4 Bh6 50. Ke4 Kg4 51. f3+ Kxg3 ({Don't go for} 51... Kg5 $2 52. Nd5 $19) 52. Nxh5+ {[%emt 0:00:00] [#]} Kf2 $2 (52... Kg2 $1 $19 {and Black stays clearly on top.} 53. Nxf6 Re2+ 54. Kf5 Bc1) 53. Nxf6 Bf4 54. Ng4+ (54. Nd5 $17) 54... Kg3 55. Ne3 Kf2 56. Ng4+ Kg3 57. Ne3 Ra1 $2 (57... Bxe3 $19 58. Kxe5 Ra1) 58. Nc2 Rc1 59. Nxa3 Rc3 60. Ra4 Re3+ 61. Kf5 Kxf3 $11 62. Nc4 Re2 63. Nd6 Rd2 1/2-1/2

[Event "Germany Countries-chT Youth 2022"]
[Site "Wiesbaden"]
[Date "2022.10.02"]
[Round "4"]
[White "Neuhoff, Laertes"]
[Black "Malinowsky, Levi"]
[Result "1/2-1/2"]
[ECO "B99"]
[WhiteElo "1885"]
[BlackElo "1879"]
[Annotator "NA RC COMBH"]
[PlyCount "106"]
[EventDate "2022.09.28"]
[EventType "team-tourn"]
[EventRounds "7"]
[EventCountry "GER"]
[SourceTitle "playchess.com"]
[Source "ChessBase"]
[SourceQuality "1"]
[TimeControl "40/5400+30:1800+30"]

1. e4 c5 2. Nf3 d6 3. d4 cxd4 4. Nxd4 Nf6 5. Nc3 a6 6. Bg5 e6 7. f4 Be7 8. Qf3 Nbd7 9. O-O-O Qc7 10. g4 b5 11. a3 Bb7 12. Bxf6 Nxf6 13. g5 Nd7 14. h4 Nb6 15. h5 O-O-O (15... d5 $142) 16. Bh3 g6 (16... Kb8 $11 {remains equal.}) 17. Rhf1 Kb8 18. Kb1 d5 19. exd5 Nxd5 20. Nxd5 Bxd5 21. Qe3 Rc8 22. c3 Qc4 23. Nc2 Kb7 24. Bg4 Bc5 25. Qe5 Rhd8 26. Be2 Qe4 27. Bf3 Qxe5 28. fxe5 Bxf3 29. Rxd8 Rxd8 30. Rxf3 Rd7 31. hxg6 hxg6 32. Ne3 Bxe3 33. Rxe3 Rd1+ 34. Kc2 Rf1 35. Rd3 Rf5 36. Rd7+ Kb8 37. Kd3 Rxg5 38. Rxf7 Rxe5 39. Rf6 g5 40. Kd4 Rd5+ 41. Ke3 Rd1 42. Ke2 Rb1 43. Rxe6 Rxb2+ 44. Kd3 Ka7 45. Kd4 Ra2 46. Rg6 Rxa3 47. Rxg5 Kb6 48. Rg3 Ka5 49. Kd3 Ka4 (49... b4 $17 50. Kd2 Ka4) 50. Rg4+ Ka5 51. Kc2 Ra2+ 52. Kb3 Rh2 53. Rg6 Rh4 $17 1/2-1/2

[Event "Germany Countries-chT Youth 2022"]
[Site "Wiesbaden"]
[Date "2022.10.02"]
[Round "4"]
[White "Braeutigam, Katerina"]
[Black "Glowiak, Alexandra"]
[Result "1-0"]
[ECO "C78"]
[WhiteElo "1873"]
[BlackElo "1602"]
[Annotator "NA RC COMBH"]
[PlyCount "83"]
[EventDate "2022.09.28"]
[EventType "team-tourn"]
[EventRounds "7"]
[EventCountry "GER"]
[SourceTitle "playchess.com"]
[Source "ChessBase"]
[SourceQuality "1"]
[TimeControl "40/5400+30:1800+30"]

1. e4 e5 2. Nf3 Nc6 3. Bb5 a6 4. Ba4 Nf6 5. O-O b5 6. Bb3 Be7 {[%emt 0:00:16] 6...Be7 was played by the boomers.} 7. a4 b4 8. a5 d6 9. d4 {[%emt 0:08:14] [#]} Bd7 $146 ({Much less strong is} 9... Nxe4 10. Bd5 Qd7 11. dxe5 $16 (11. Bxe4 d5 $11)) (9... exd4 $11 10. Nxd4 Nxd4 11. Qxd4 Rb8) ({Predecessor:} 9... O-O 10. d5 Na7 11. Re1 c6 12. Nbd2 Bb7 13. Nf1 Nb5 14. Be3 Qc8 15. Bg5 cxd5 16. exd5 {1-0 (49) Granda Zuniga,J (2648)-Batsiashvili,N (2480) Douglas 2016}) 10. Re1 O-O 11. d5 Na7 12. Bc4 (12. Be3 $14 {should be considered.}) 12... Nb5 ({Black should play} 12... c6 $11) 13. Bd2 c5 14. Qe2 Qc7 15. c3 bxc3 16. Nxc3 Rfb8 (16... Nd4 $11 17. Qd3 Rfb8) 17. Na4 Ra7 18. Nb6 Be8 19. b4 Nd7 20. Nxd7 Bxd7 21. bxc5 dxc5 22. h3 Bd6 23. Rec1 Qd8 24. Be3 Rc7 25. Nd2 Qe7 26. Bd3 Rcb7 27. f3 Bc8 (27... Nd4 $11 28. Qd1 (28. Bxd4 exd4 29. e5 Qxe5 $11) 28... Bb5) 28. Qf2 Rc7 29. Nc4 Nd4 30. Rcb1 Rxb1+ 31. Rxb1 Ra7 32. Nxd6 Qxd6 33. Rb6 Qc7 34. Qf1 Nb5 35. Qc1 Nd4 36. Bxd4 exd4 37. Rc6 Qb7 38. Qxc5 Bd7 39. Rb6 Qa8 40. Qxd4 (40. Qb4 $142) 40... Bb5 41. Bxb5 axb5 $18 42. Qe5 1-0

[Event "Germany Countries-chT Youth 2022"]
[Site "Wiesbaden"]
[Date "2022.10.02"]
[Round "4"]
[White "Bock, Marlon"]
[Black "Haubold, Sebastian Marcel"]
[Result "1/2-1/2"]
[ECO "A48"]
[WhiteElo "1866"]
[BlackElo "2039"]
[Annotator "TA"]
[PlyCount "120"]
[EventDate "2022.09.28"]
[EventType "team-tourn"]
[EventRounds "7"]
[EventCountry "GER"]
[SourceTitle "playchess.com"]
[Source "ChessBase"]
[SourceQuality "1"]
[TimeControl "40/5400+30:1800+30"]

1. d4 Nf6 2. Nf3 g6 3. Nc3 d5 4. Bf4 Bg7 5. Qd2 O-O 6. Bh6 Ne4 {[%emt 0:00:22] D00: 1 d4 d5: Unusual lines.} 7. Nxe4 dxe4 8. Bxg7 Kxg7 {[%emt 0:00:10] The position is equal.} 9. Ng5 e5 10. dxe5 Qxd2+ 11. Kxd2 Rd8+ 12. Ke3 Nc6 13. Nxe4 Nxe5 14. Kf4 f6 15. f3 {[%emt 0:04:02] [#]} g5+ $146 (15... Bf5 $5 ) ({Predecessor:} 15... Nc4 16. b3 g5+ 17. Kg3 Ne3 18. Kf2 Nd1+ 19. Ke1 Ne3 20. Kf2 Nd1+ 21. Ke1 Ne3 22. Kf2 {½-½ (22) Schrancz,I (2430)-Marton Bardocz,S (2313) LSS email 2008}) 16. Kg3 Bf5 17. Nc5 Rd2 18. Rc1 (18. Nb3 $5 Rd6 19. e4 $14) 18... Rxc2 (18... Bxc2 {keeps more tension.} 19. h4 Kg6 20. e3 Re8) 19. Rxc2 Bxc2 20. h4 b6 21. Ne6+ Kf7 (21... Kg6 $1 $11) 22. Nd4 ({White must play} 22. Nxc7 $16 Rc8 23. Nb5) 22... Bb1 23. hxg5 {[%emt 0:02:19] aiming for e4.} fxg5 (23... Rd8 $5 ) 24. e4 Kg6 25. f4 (25. Be2 {with more complications.} Bxa2 26. f4 gxf4+ 27. Kxf4 Kf6 28. Rxh7 c5 29. Nf5) 25... gxf4+ 26. Kxf4 {[%emt 0:00:14] And now Bb5 would win.} Nd3+ (26... Kf6 $11) 27. Bxd3 $16 Bxd3 {[%emt 0:00:23][%mdl 4096] Endgame KRB-KRN} 28. Nf5 $1 {[%emt 0:02:12] White is more active.} Rh8 $2 (28... h5 $16 {is a better defense.}) 29. Rh6+ $18 Kf7 30. Rc6 Re8 31. Rxc7+ Kf6 $2 (31... Kg8 {was worth a try.} 32. Nd6 (32. Rxa7 Rxe4+ 33. Kg5 Re2 $16) 32... Rd8) 32. Rc6+ Re6 33. e5+ Kf7 34. Rc7+ Kg8 35. Rxa7 Re8 36. Nd6 Rf8+ 37. Ke3 Bg6 38. Kd4 {[%emt 0:01:11] Black must now prevent e6.} Rf2 39. e6 Rxg2 40. b3 h5 41. Ke3 (41. Ke5 $142) 41... h4 {[%emt 0:03:21] [#]} 42. Ra4 $2 ({White has to play} 42. Ra8+ $1 $18 Kh7 43. Ra4) 42... Rg5 $2 ({Black should play} 42... h3 $14) 43. Rxh4 {[%emt 0:06:59] Hoping for Kd4.} Re5+ 44. Kd4 Rxe6 45. Kd5 Re2 46. Ra4 Bb1 {[%emt 0:02:02] [#]} 47. a3 Ba2 48. Rb4 (48. Rg4+ $18 Kh7 49. Rg3) 48... Rd2+ $16 49. Kc6 {[%emt 0:00:57] Threatens to win with Nb5.} Rd3 50. Rg4+ Kf8 51. b4 {[%emt 0:00:43] Nb5 is the strong threat.} Rxa3 52. Kxb6 Ke7 53. Nb7 Bd5 54. Rd4 Bg2 {[%emt 0:01:01] White is slightly better.} 55. b5 Bf1 56. Na5 Bxb5 57. Kxb5 Rh3 58. Nc4 Rh6 59. Nb6 Ke6 60. Kc5 {[%emt 0:00:53] Threatening mate with Rd6+.} Ke5 {Prevents Rd6. White really could win this.  Weighted Error Value: White=0.25 (precise) /Black=0.33} 1/2-1/2

[Event "Germany Countries-chT Youth 2022"]
[Site "Wiesbaden"]
[Date "2022.10.02"]
[Round "4"]
[White "Basovskiy, Jana"]
[Black "Nechitailo, Nikita"]
[Result "1/2-1/2"]
[ECO "B31"]
[WhiteElo "1858"]
[BlackElo "1651"]
[Annotator "NA RC COMBH"]
[PlyCount "82"]
[EventDate "2022.09.28"]
[EventType "team-tourn"]
[EventRounds "7"]
[EventCountry "GER"]
[SourceTitle "playchess.com"]
[Source "ChessBase"]
[SourceQuality "1"]
[TimeControl "40/5400+30:1800+30"]

1. e4 c5 2. Nf3 Nc6 3. Bb5 g6 4. Bxc6 dxc6 5. O-O Bg7 6. h3 e5 7. d3 Qc7 8. Be3 b6 9. Nc3 Nf6 10. Qd2 Nd7 11. a3 Nf8 12. b4 Ne6 13. Na4 (13. bxc5 $14 bxc5 14. Na4) 13... Nd4 14. Qd1 cxb4 15. axb4 O-O 16. Nd2 f5 17. f3 f4 18. Bf2 Be6 19. c3 Nb5 20. Nb3 Rad8 $11 21. Qc2 Qf7 22. c4 g5 23. Rfb1 Nd4 24. Nxd4 exd4 25. Qa2 g4 26. hxg4 h5 27. gxh5 Qxh5 28. Kf1 b5 29. Nb2 Rb8 30. Qb3 c5 31. Qc2 cxb4 32. cxb5 Rfc8 33. Qd2 Rxb5 34. Rc1 Rxc1+ 35. Rxc1 Rc5 36. Rxc5 Qxc5 37. Qxf4 Qc2 38. Qb8+ Kh7 39. Qxb4 a5 40. Qb5 Bb3 41. Qh5+ Kg8 1/2-1/2

[Event "Germany Countries-chT Youth 2022"]
[Site "Wiesbaden"]
[Date "2022.10.02"]
[Round "4"]
[White "Jaskulski, Jan"]
[Black "Feidt, Jonas"]
[Result "0-1"]
[ECO "B10"]
[WhiteElo "1849"]
[BlackElo "1908"]
[Annotator "TA"]
[PlyCount "58"]
[EventDate "2022.09.28"]
[EventType "team-tourn"]
[EventRounds "7"]
[EventCountry "GER"]
[SourceTitle "playchess.com"]
[Source "ChessBase"]
[SourceQuality "1"]
[TimeControl "40/5400+30:1800+30"]

1. e4 c6 2. Nf3 d5 3. Nc3 dxe4 4. Nxe4 Nf6 5. Qe2 Nxe4 6. Qxe4 Qa5 {[%emt 0:02:01] B11: Caro-Kann: Two Knights Variation.} 7. b4 Qf5 {[%emt 0:03:43] [#]} 8. Qd4 $146 ({Predecessor:} 8. Qe3 Qe6 9. Be2 Qxe3 10. fxe3 f6 11. a4 e5 12. Ba3 Bf5 13. d3 Nd7 14. O-O {0-1 (43) Jones,G (2683)-Howell,D (2676) London 2019}) 8... Nd7 {[%emt 0:09:49] The position is equal.} 9. Bb2 Nf6 10. Bd3 Qd5 11. c4 Qxd4 12. Bxd4 g6 13. O-O Bg7 14. a4 O-O 15. Be2 Rd8 16. d3 {[%emt 0:01:19] Prevents Ne4.} Bg4 {[%emt 0:05:14] [#] ...Bxf3 is the strong threat.} 17. Be5 ({White should try} 17. Be3 $1 $11) 17... Nh5 {[%emt 0:07:55] Hoping for ...Bxe5.} 18. Bxg7 ({White should play} 18. Rfe1 $15) 18... Kxg7 19. Rfd1 Nf4 $36 {[%emt 0:01:35][%mdl 2048] Black is really pushing.} 20. Ra2 Bxf3 {[%emt 0:07:14] Black is much more active.} 21. gxf3 (21. Bxf3 $17 {was forced.} Rxd3 22. Rxd3 Nxd3 23. b5) 21... Rd4 $19 22. Kf1 Rad8 23. Ra3 R8d7 24. b5 Kf6 25. Ke1 Ke5 26. Kd2 (26. bxc6 {might work better.} bxc6 27. Rb1) 26... Rxc4 27. Ke3 $2 (27. bxc6 $19 Rxc6 28. Rb1) 27... Rc2 {[%emt 0:00:24][%csl Gf4][%cal Rc2e2] Black mates.} 28. d4+ {[%emt 0:00:33] [#]} Rxd4 $3 29. Re1 (29. a5 Rxe2#) 29... Ng2# {[%emt 0:00:19] Weighted Error Value: White=0.60/Black=0.13 (very precise)} 0-1

[Event "Germany Countries-chT Youth 2022"]
[Site "Wiesbaden"]
[Date "2022.10.02"]
[Round "4"]
[White "Kieselbach, Jannik"]
[Black "Semling, Johannes"]
[Result "1/2-1/2"]
[ECO "B90"]
[WhiteElo "1848"]
[BlackElo "1861"]
[Annotator "NA RC COMBH"]
[PlyCount "78"]
[EventDate "2022.09.28"]
[EventType "team-tourn"]
[EventRounds "7"]
[EventCountry "GER"]
[SourceTitle "playchess.com"]
[Source "ChessBase"]
[SourceQuality "1"]
[TimeControl "40/5400+30:1800+30"]

1. e4 c5 2. Nf3 d6 3. d4 cxd4 4. Nxd4 Nf6 5. Nc3 a6 6. f3 e6 7. Be3 {[%emt 0:00:12] 7.g4 is more fashionable.} h5 8. Qd2 Be7 9. O-O-O b5 10. a3 Bb7 11. Nb3 Nbd7 {[%emt 0:00:36] [#]} 12. Bf4 $146 ({Predecessor:} 12. h3 Rc8 13. Bd3 Ne5 14. Qf2 Nxd3+ 15. Rxd3 Qc7 16. Rhd1 d5 17. Bb6 Qf4+ 18. Be3 Qc7 19. Bb6 Qf4+ 20. Be3 Qc7 {½-½ (20) Petrusic,T (2278)-Mazi,L (2377) Zadar 2013}) 12... Ne5 13. Bxe5 dxe5 14. Qxd8+ Rxd8 15. Rxd8+ Bxd8 16. Nc5 Bc8 17. Nd3 Nd7 18. a4 bxa4 19. Nxa4 a5 20. b3 Bb7 21. Nac5 Nxc5 22. Nxc5 Bc6 23. Bc4 Bb6 24. Nd3 Bc7 25. Kb2 Ke7 26. b4 axb4 27. Nxb4 Bb7 28. Ra1 Ra8 29. Ba6 Bb6 30. c3 Bxa6 31. Rxa6 Rxa6 32. Nxa6 g5 33. g4 hxg4 $11 34. fxg4 f5 35. exf5 exf5 36. gxf5 g4 37. Nb4 Bg1 38. Nd5+ Kf7 39. Kc2 Bxh2 1/2-1/2

[Event "Germany Countries-chT Youth 2022"]
[Site "Wiesbaden"]
[Date "2022.10.02"]
[Round "4"]
[White "Uhlmann, Tim"]
[Black "von Mettenheim, Johannes"]
[Result "0-1"]
[ECO "B01"]
[WhiteElo "1841"]
[BlackElo "2231"]
[Annotator "TA"]
[PlyCount "100"]
[EventDate "2022.09.28"]
[EventType "team-tourn"]
[EventRounds "7"]
[EventCountry "GER"]
[SourceTitle "playchess.com"]
[Source "ChessBase"]
[SourceQuality "1"]
[TimeControl "40/5400+30:1800+30"]

1. e4 c6 2. c4 d5 3. exd5 Nf6 4. Nc3 cxd5 5. cxd5 Nxd5 6. Nf3 Nxc3 7. bxc3 g6 8. d4 Bg7 {[%emt 0:00:22] B10: Caro-Kann: 2 d3 and 2 c4.} 9. Bb5+ Bd7 {[%emt 0:00:45] [#]} 10. Bxd7+ $146 ({Predecessor:} 10. Bd3 O-O 11. O-O Nc6 12. Re1 Bg4 13. h3 Bxf3 14. Qxf3 Qa5 15. Bb2 e6 16. h4 {½-½ (27) Zvjaginsev,V (2659)-Jakovenko,D (2713) Khanty-Mansiysk 2013}) 10... Nxd7 {[%emt 0:01:22] The position is equal.} 11. O-O O-O 12. Bf4 Rc8 13. Qb3 Nb6 14. Be5 Qd5 15. Bxg7 Kxg7 16. Qa3 Nd7 17. Rae1 e6 18. Ne5 a6 19. Qb2 Nxe5 (19... b5 {with more complications.} 20. a4 Nb6 21. axb5 axb5 22. Qb4 Rc7) 20. Rxe5 Qd7 21. d5 exd5 22. Rxd5 Qc6 23. Rd3 Qc4 24. Re3 b5 25. h3 Rfd8 26. Rfe1 Rd6 {[%emt 0:04:51] Black is more active.} 27. Rf3 Rcd8 28. Qb3 Qc7 {[%emt 0:04:56] Prevents Re7.} (28... Re6 $15 29. Rxe6 Qxe6) 29. a4 $11 Rb8 30. axb5 Rxb5 31. Qa2 Rc5 32. Rfe3 {[%emt 0:01:23] Threatens to win with Re7.} Rf6 33. Qb2 Qc6 34. Rg3 (34. f3 $11 {remains equal.}) 34... Rcf5 35. Re2 Qd6 ({Black should try} 35... a5 $15) 36. c4 h5 37. Rc3 Qd1+ 38. Kh2 Qd4 39. Rcc2 Qc5 40. Red2 Re5 41. Rd3 Qc7 42. g3 h4 43. Rd5 hxg3+ 44. fxg3 Re3 45. Rg5 Ref3 46. Qe5 {[%emt 0:00:00] [#] Inhibits a5.} (46. c5 $11) 46... Qb6 $1 $40 {[%emt 0:00:00][%mdl 128] Black has strong attack.} 47. c5 $2 {[%emt 0:00:00] [#] Now White is beyond hope.} (47. Rg2 $17) 47... Qb1 $1 $19 48. Rd2 (48. Qb2 Qe1 49. Re2) 48... Rf1 {[%emt 0:00:00] ( -> ...Rh1+)} 49. Qe3 Rh1+ 50. Kg2 Qf1# {Weighted Error Value: White=0.41/Black=0.09 (flawless)} 0-1

[Event "Germany Countries-chT Youth 2022"]
[Site "Wiesbaden"]
[Date "2022.10.02"]
[Round "4"]
[White "Wunderlich, Elias"]
[Black "Rudolph, Eva"]
[Result "1/2-1/2"]
[ECO "B22"]
[WhiteElo "1815"]
[BlackElo "1911"]
[Annotator "TA"]
[PlyCount "67"]
[EventDate "2022.09.28"]
[EventType "team-tourn"]
[EventRounds "7"]
[EventCountry "GER"]
[SourceTitle "playchess.com"]
[Source "ChessBase"]
[SourceQuality "1"]
[TimeControl "40/5400+30:1800+30"]

1. e4 c5 2. c3 Nf6 3. e5 Nd5 4. Nf3 d6 5. exd6 Qxd6 6. d4 cxd4 7. Na3 {[%emt 0:00:10][%cal Bb1a3,Ba3b5,Bb5d4][%mdl 32] B22: Sicilian: 2 c3.} e6 8. Nb5 Qd8 9. Nbxd4 {[%emt 0:04:47] [#] White is slightly better.} ({Much worse is} 9. Qxd4 a6 10. Na3 Nc6 $15) (9. c4 {with more complications.} Nf6 10. Qxd4 Bb4+ 11. Bd2) 9... Be7 $146 ({Predecessor:} 9... a6 10. Bd3 Nd7 11. O-O Qc7 12. Re1 Be7 13. Bc2 N7f6 14. Qd3 Bd7 15. Ne5 Rd8 {0-1 (35) Gracia Alvarez,G (2308)-Tapie Amione,P (2286) Mexico City 2021}) 10. Bd3 O-O 11. O-O Nd7 12. Qe2 {[%emt 0:01:39][%cal Od4e6] Black must now prevent Nxe6!} (12. Re1 {is interesting.} Qc7 13. Nb5 Qb6 14. a4) 12... N7f6 13. Rd1 Bd7 14. Bc2 (14. c4 $5 Nb4 15. Bb1 $16) 14... Rc8 15. Bg5 Qc7 16. Rac1 Rfd8 17. Bb3 Qb6 (17... h6 $11 18. Bxd5 Nxd5 19. Bxe7 Nxe7) 18. Ne5 (18. c4 $14 Nb4 19. Nf5) 18... Be8 $11 19. Rc2 Nd7 $2 {[%emt 0:10:47] [#]} (19... a5 $11 {and Black has nothing to worry.}) 20. Bxe7 (20. Nxe6 $1 $18 fxe6 21. Bxe7 (21. Rxd5 exd5 22. Bxe7 Nxe5 $16) 21... Nxe7 22. Nxd7 Bxd7 23. Rxd7 $1 ) 20... Nxe7 $16 {[%emt 0:00:12] [#]} 21. Rcd2 {[%emt 0:08:15] White has more active pieces.} (21. Nxf7 $1 $16 Bxf7 22. Nxe6) 21... Nxe5 $11 {[%emt 0:03:51] The position is equal.} 22. Qxe5 {[%emt 0:00:02][%cal Rd4e6] Threatens to win with Nxe6!} Nc6 $132 {[%emt 0:04:49][%mdl 2048] Black is not holding back} 23. Qe3 {[%emt 0:02:10] Hoping for Nxc6.} (23. Qb5 {feels hotter.} Qxb5 24. Nxb5 Rxd2 25. Rxd2 Kf8 26. Rd1) 23... Nxd4 (23... Na5 {is more complex.} 24. g4 Nxb3 25. axb3 Rd5) 24. Rxd4 Rxd4 25. Qxd4 Qxd4 26. Rxd4 {[%emt 0:00:01][%mdl 4096] Endgame KRB-KRB} Kf8 27. f3 Ke7 28. Kf2 Bc6 29. Ke3 e5 30. Rd2 Be8 31. g3 Bc6 32. Bd5 Bxd5 33. Rxd5 Ke6 34. Rd2 {[%emt 0:02:00] Weighted Error Value: White=0.21 (precise) /Black=0.22 (precise)} 1/2-1/2

[Event "Germany Countries-chT Youth 2022"]
[Site "Wiesbaden"]
[Date "2022.10.02"]
[Round "4"]
[White "Nizamova, Rita"]
[Black "Skembris, Simon Max"]
[Result "0-1"]
[ECO "C26"]
[WhiteElo "1813"]
[BlackElo "1540"]
[Annotator "NA RC COMBH"]
[PlyCount "84"]
[EventDate "2022.09.28"]
[EventType "team-tourn"]
[EventRounds "7"]
[EventCountry "GER"]
[SourceTitle "playchess.com"]
[Source "ChessBase"]
[SourceQuality "1"]
[TimeControl "40/5400+30:1800+30"]

1. e4 e5 2. Nc3 Nf6 3. g3 d5 4. exd5 Nxd5 5. Bg2 Nxc3 6. bxc3 Nc6 7. Nf3 Bc5 8. O-O O-O 9. d3 Re8 10. Re1 Bg4 11. h3 Bh5 12. g4 Bg6 13. Be3 Bb6 14. Rb1 Qd7 15. Nd2 Rad8 16. Nc4 f6 17. Nxb6 axb6 18. f4 Bf7 19. c4 (19. fxe5 $15 Nxe5 20. Rb4) 19... exf4 20. Bd2 Qd4+ 21. Kh1 Rxe1+ 22. Qxe1 Re8 23. Be4 g5 24. Bc3 Qd6 25. Qf2 {[%emt 0:01:24] [#]} (25. h4 $142) 25... Bxc4 $1 26. Bxc6 (26. Qg2 $142 Bxa2 27. Re1) 26... Qxc6+ 27. Kg1 (27. Kh2 $142 Bxd3 28. Re1 Rxe1 29. Bxe1) 27... Bxa2 28. Re1 Kf7 29. Rxe8 Qxe8 30. Qd4 Qe6 31. Qe4 Qxe4 32. dxe4 Bb1 33. e5 $19 Bxc2 34. exf6 c5 35. Be5 b5 36. Kf1 b4 37. Ke1 Be4 38. Kd2 c4 39. h4 gxh4 40. Bxf4 c3+ 41. Ke3 b3 42. Kxe4 b2 0-1

[Event "Germany Countries-chT Youth 2022"]
[Site "Wiesbaden"]
[Date "2022.10.02"]
[Round "4"]
[White "Buchholz, Maja"]
[Black "Vranckx, Oscar"]
[Result "0-1"]
[ECO "A37"]
[WhiteElo "1765"]
[BlackElo "1583"]
[Annotator "NA RC COMBH"]
[PlyCount "88"]
[EventDate "2022.09.28"]
[EventType "team-tourn"]
[EventRounds "7"]
[EventCountry "GER"]
[SourceTitle "playchess.com"]
[Source "ChessBase"]
[SourceQuality "1"]
[TimeControl "40/5400+30:1800+30"]

1. c4 c5 2. g3 Nc6 3. Bg2 g6 4. Nc3 Bg7 5. Nf3 e5 6. O-O Nge7 7. Ne1 d6 8. Nc2 Be6 9. Ne3 O-O 10. a3 Rb8 11. Ned5 f5 12. Rb1 a5 13. d3 h6 14. Bd2 Nd4 15. b4 axb4 16. axb4 g5 17. e3 Ndc6 18. b5 Na5 19. Qe1 b6 20. Nxe7+ Qxe7 21. Nd5 Qd8 22. Nxb6 Qxb6 23. Bxa5 Qa7 24. Bc3 Qf7 25. f3 Qg6 26. Qd2 d5 27. cxd5 Bxd5 28. f4 Bxg2 29. Kxg2 exf4 30. exf4 Rxb5 31. Qa2+ Kh7 32. Bxg7 Kxg7 33. Qa1+ Kh7 34. fxg5 hxg5 35. Qe5 Rxb1 36. Rxb1 Qc6+ 37. Kg1 Rf7 38. Rb8 Qf6 39. Qxc5 f4 40. Rb6 Qa1+ 41. Kf2 fxg3+ 42. Kxg3 Qe1+ 43. Kg2 Qf1+ 44. Kg3 Qf3# 0-1

[Event "Germany Countries-chT Youth 2022"]
[Site "Wiesbaden"]
[Date "2022.10.02"]
[Round "4"]
[White "Pohle, Saskia"]
[Black "Goepfert, Gregor"]
[Result "1/2-1/2"]
[ECO "C42"]
[WhiteElo "1756"]
[BlackElo "1480"]
[Annotator "NA RC COMBH"]
[PlyCount "68"]
[EventDate "2022.09.28"]
[EventType "team-tourn"]
[EventRounds "7"]
[EventCountry "GER"]
[SourceTitle "playchess.com"]
[Source "ChessBase"]
[SourceQuality "1"]
[TimeControl "40/5400+30:1800+30"]

1. e4 e5 2. Nf3 Nf6 3. Nxe5 d6 4. Nf3 Nxe4 5. d4 d5 6. Bd3 Nc6 7. O-O Be7 8. Re1 Bg4 9. c3 f5 10. Nbd2 O-O 11. Qc2 Qd7 12. Bb5 Bf6 13. Ne5 Bxe5 14. dxe5 Qe7 15. Bxc6 bxc6 16. Nb3 Nc5 17. Nd4 Ne6 18. Nxc6 Qc5 19. Qa4 f4 20. Nd4 Rab8 21. h3 Bf5 22. Rd1 h6 23. Qc6 Qe7 24. Nxf5 Rxf5 25. Rxd5 Rb6 26. Qc4 Qh4 27. Qd3 Qh5 28. Qf3 Qg6 29. h4 Rh5 30. Bxf4 Rf5 31. h5 Qf7 32. g3 Rxb2 33. Qe3 Qxh5 34. Rd2 Rb6 1/2-1/2